Map: Echo LE (Void)

Players

Geiko - Winner!

  • Race: Protoss Protoss

NightEnD

  • Race: Protoss Protoss

VOD

Have the link to the VOD?

Description

Time

  • Played on: May 4, 2015, 2:50 a.m.
  • Length: 7:50
Show
View Real Time Build Order
Export as new Build Order

Geiko Protoss - Winner!

Build Orders: 4 Gate Adept, Mass Adepts 

Get SALT Encoding   

  12  0:09  Pylon  
  12  0:12  Probe  
  13  0:28  Gateway  
  13  0:30  Probe (Chrono Boost)  
  14  0:42  Probe (Chrono Boost)  
  15  0:45  Assimilator  
  15  0:48  Probe (Chrono Boost)  
  16  0:59  Probe  
  16  1:00  Gateway  
  17  1:12  Probe  
  17  1:15  Cybernetics Core  
  18  1:24  Probe  
  19  1:27  Assimilator  
  19  1:30  Pylon  
  19  1:36  Probe  
  20  1:48  Probe  
  20  1:51  Adept x2  
  20  1:53  Warp Gate (Chrono Boost)  
  25  2:00  Probe  
  26  2:14  Twilight Council  
  26  2:17  Gateway  
  26  2:24  Probe  
  27  2:32  Gateway  
  27  2:36  Probe  
  28  2:39  Pylon  
  28  2:54  Pylon  
  28  2:56  Pylon  
  28  3:02  Stalker (Chrono Boost)  
  30  3:06  Stalker (Chrono Boost)  
  32  3:21  Pylon  
  32  3:50  Adept x2  
  32  3:51  Adept x2  
  32  3:52  Probe  
  41  4:03  Shield Upgrade (Chrono Boost)  
  41  4:12  Adept x4  
  47  4:38  Probe  
  47  4:42  Adept x3  
  47  4:45  Pylon  
  53  5:13  Pylon  
  53  5:16  Adept  
  53  5:17  Adept x3  
  53  5:18  Pylon  
  61  5:37  Adept  
  61  5:38  Adept x3  
  61  6:00  Adept x4  
  51  6:21  Adept x4  
  59  6:28  Dark Shrine  
  59  6:44  Adept x3  
  65  6:52  Adept  
  65  7:20  Stalker x3  
  38  7:42  Dark Templar  
  38  7:43  Dark Templar  
Show
View Real Time Build Order
Export as new Build Order

NightEnD Protoss 

Build Orders: Mass Adepts 

Get SALT Encoding   

  12  0:01  Probe  
  13  0:14  Pylon  
  13  0:17  Probe  
  14  0:32  Probe (Chrono Boost)  
  15  0:36  Gateway  
  15  0:42  Probe (Chrono Boost)  
  16  0:45  Assimilator  
  16  0:48  Assimilator  
  16  0:51  Probe  
  17  1:03  Probe (Chrono Boost)  
  18  1:15  Probe (Chrono Boost)  
  19  1:21  Gateway  
  19  1:22  Probe (Chrono Boost)  
  19  1:23  Cybernetics Core  
  20  1:33  Probe  
  20  1:36  Pylon  
  21  1:45  Probe  
  24  2:03  Adept (Chrono Boost)  
  24  2:04  Mothership Core  
  24  2:05  Warp Gate (Chrono Boost)  
  26  2:09  Pylon  
  26  2:11  Adept (Chrono Boost)  
  28  2:21  Forge  
  27  2:35  Adept x2  
  31  2:58  Gateway x2  
  31  3:06  Adept  
  31  3:07  Adept  
  35  3:19  Pylon  
  35  3:27  Photon Cannon  
  35  3:45  Pylon  
  35  4:00  Adept x4  
  43  4:05  Protoss Ground Weapons Level 1 (Chrono Boost)  
  31  4:31  Adept x4  
  39  4:56  Adept x4  
  47  5:15  Pylon  
  47  5:27  Adept x3  
  53  5:37  Adept  
  55  5:48  Adept x2  
  55  5:49  Adept  
  51  5:58  Adept  
  45  6:06  Adept  
  45  6:10  Adept x2  
  37  6:17  Adept  
  39  6:27  Adept  
  41  6:33  Adept  
  43  6:42  Adept  
  43  6:43  Adept  
  47  6:48  Adept  
  49  6:54  Adept  
  51  7:03  Adept  
  51  7:07  Adept  
  37  7:23  Adept x3  
  37  7:35  Photon Cannon  
Tags
 
Add a new tag
Caveats
  • Supply blocks, unpowered buildings, or Contaminate may cause inaccurate times.
  • Supply counts are checked every 10 seconds.